 Dungeon Crawl Stone Soup version 0.29-a0-271-gd4eb659eea (webtiles) character file.

Game seed: 16147934274844489407

169 CryoSword the Chiller (level 5, -2/40 HPs)
             Began as a Demigod Ice Elementalist on Mar 8, 2022.
             Slain by a gnoll
             ... wielding a +0 spear
              (6 damage)
             ... on level 3 of the Dungeon.
             The game lasted 00:05:59 (2835 turns).

CryoSword the Chiller (Demigod Ice Elementalist)    Turns: 2835, Time: 00:05:59

Health: -2/40      AC:  4    Str: 13    XL:     5   Next: 4%
Magic:  3/10       EV: 12    Int: 17    God:
Gold:   71         SH:  0    Dex: 14    Spells: 4/8 levels left

rFire   . . .      SeeInvis .   f - +0 broad axe
rCold   . . .      Faith    .   (no shield)
rNeg    . . .      Spirit   .   a - +0 robe
rPois   .          Reflect  .   (no helmet)
rElec   .          Harm     .   (no cloak)
rCorr   .          Rampage  .   l - +1 pair of gloves
Will    .....                   (no boots)
Stlth   ++........              (no amulet)
HPRegen 0.13/turn               (no ring)
MPRegen 0.12/turn               (no ring)

@: no status effects
A: high MP 1, forlorn, divine attributes
a: no special abilities


You were on level 3 of the Dungeon.
You visited 1 branch of the dungeon, and saw 3 of its levels.

You collected 71 gold pieces.

Inventory:

Hand Weapons
 f - a +0 broad axe (weapon)
   (You found it on level 1 of the Dungeon)
Missiles
 c - 15 poisoned darts
 g - 4 boomerangs
Armour
 a - a +0 robe (worn)
 k - a +0 cloak
   (You took it off Crazy Yiuf on level 2 of the Dungeon)
 l - a +1 pair of gloves (worn)
   (You found it on level 2 of the Dungeon)
Jewellery
 h - a ring of resist corrosion
   (You found it on level 1 of the Dungeon)
 j - a ring of see invisible
   (You took it off a hobgoblin on level 1 of the Dungeon)
Scrolls
 i - a scroll of teleportation {unknown}
 o - a scroll of brand weapon {unknown}
 p - a scroll of identify {@r1}
Potions
 b - a potion of magic
 d - a potion of curing {unknown}
 e - a potion of lignification {unknown}
 m - a potion of ambrosia {unknown}
 n - a potion of heal wounds {unknown}


   Skills:
 + Level 1.5 Fighting
 + Level 1.4 Axes
 + Level 2.8 Dodging
 - Level 2.0 Stealth
 - Level 2.0 Spellcasting
 * Level 4.6 Ice Magic


You had 4 spell levels left.
You knew the following spells:

 Your Spells              Type           Power      Damage    Failure   Level
a - Freeze                Ice            68%        1d8       3%          1
b - Frozen Ramparts       Ice            34%        1d5       9%          3

Your spell library contained the following spells:

 Spells                   Type           Power      Damage    Failure   Level
 Ozocubu's Armour         Ice            17%        N/A       9%          3
 Blink                    Tloc           2%         N/A       28%         2
 Gell's Gravitas          Tloc           1%         N/A       50%         3
 Inner Flame              Hex/Fire       1%         N/A       50%         3
 Lesser Beckoning         Tloc           1%         N/A       50%         3
 Teleport Other           Tloc           1%         N/A       50%         3
 Tukima's Dance           Hex            1%         N/A       50%         3
 Hailstorm                Conj/Ice       9%         3d4       58%         4
 Cause Fear               Hex            0%         N/A       88%         4
 Passage of Golubria      Tloc           1%         N/A       88%         4
 Manifold Assault         Tloc           1%         N/A       99%         5
 Yara's Violent Unravell  Hex/Tmut       0%         3d3       99%         5
 Discord                  Hex            0%         N/A       100%        8


Dungeon Overview and Level Annotations

Branches:
Dungeon (3/15)

Portals:
Sewer: D:3


Innate Abilities, Weirdness & Mutations

You have an increased reservoir of magic. (+10% MP)
You shall have no god before yourself.
Your divine heritage dramatically boosts your attributes as you level up.


Message History

The orc barely misses you.
The orc shouts!
You slash the orc!
You kill the orc!
The orc hits you but does no damage.
You slash the orc!
You kill the orc!
The orc misses you.
Things that are here:
a +0 club; a +0 dagger; a +0 leather armour You slash the orc!
You kill the orc!
The orc closely misses you.
Aim: an orc, wielding a +0 short sword You freeze the orc.
The orc hits you with a +0 short sword.
Aim: an orc, wielding a +0 short sword (lightly wounded)
You freeze the orc. The orc hits you with a +0 short sword.
You hit the orc.
You kill the orc!
No target in view!
You hear the slow rusting of a drain nearby.
A goblin comes into view. It is wielding a +0 dagger.
The goblin shouts!
Items here: )) ††.
You barely miss the goblin. The goblin misses you.
An endoplasm comes into view.
The goblin closely misses you.
You slash the goblin!
You kill the goblin!
A goblin comes into view. It is wielding a +0 club.
Found a scroll of identify.
Found a stone staircase leading down.
The goblin shouts!
You hear an angry hiss.
Things that are here:
a +0 dagger; 20 gold pieces; a goblin corpse An iguana comes into view.
You see here a scroll of identify {@r1}.
p - a scroll of identify {@r1} The iguana bites you!
Aim: an iguana You freeze the iguana!
The iguana seems to slow down.
The iguana misses you.
Aim: an iguana (heavily wounded, slow)
You freeze the iguana. The endoplasm freezes you.
You are frozen.
The iguana barely misses you.
Aim: an iguana (severely wounded, slow)
You freeze the iguana.
The iguana seems to slow down.
The endoplasm hits you but does no damage.
Aim: an iguana (severely wounded, slow)
You freeze the iguana.
You kill the iguana!
The endoplasm closely misses you.
You hit the endoplasm. The endoplasm barely misses you.
The endoplasm freezes you.
You are frozen.
* * * LOW HITPOINT WARNING * * *
You hit the endoplasm. The endoplasm freezes you.
You are frozen.
* * * LOW HITPOINT WARNING * * *
Aim: an endoplasm (almost dead)
You freeze the endoplasm.
You kill the endoplasm!
An ogre comes into view. It is wielding a +0 giant spiked club.
The ogre shouts!
You hear the slow rusting of a drain nearby.
Items here: )) ††.
Things that are here:
a +0 club; a +0 dagger; a +0 leather armour The goblin shouts!
Things that are here:
a +0 short sword; an orc corpse
There is a stone staircase leading up here.
You climb upwards.
There is a stone staircase leading down here.
There is a stone staircase leading down here.
You start resting.
You start resting.
You climb downwards.
You hear the sound of rushing water.
There is an entrance to a sewer on this level.
Hurry and find it before the portal rusts away!
You hear the rusting of a distant drain.
Found a short sword and 12 gold pieces.
There is a stone staircase leading up here.
Found a book of Armaments.
Found a stone staircase leading down.
The quokka closely misses you.
Aim: a quokka You freeze the quokka!
You kill the quokka!
Found a robe.
A gnoll comes into view. It is wielding a +0 flail.
The gnoll shouts!
You hear a shout! x2
You open the door.
There is an open door here.
Aim: a gnoll, wielding a +0 flail You freeze the gnoll!
The gnoll barely misses you.
Aim: a gnoll, wielding a +0 flail (heavily wounded)
You freeze the gnoll. The gnoll hits you with a +0 flail.
Aim: a gnoll, wielding a +0 flail (severely wounded)
You freeze the gnoll.
You kill the gnoll!
A giant cockroach comes into view.
You hear the brisk rusting of a drain very nearby.
Found a leather armour.
The giant cockroach barely misses you.
You hit the giant cockroach but do no damage.
The giant cockroach barely misses you. The giant cockroach closely misses you.
You hit the giant cockroach.
You kill the giant cockroach!
Found a dagger.
You see here a +0 dagger.
There is an open door here.
You see here a +0 flail.
You hear the brisk rusting of a drain very nearby.
A kobold comes into view. It is wielding a +0 club.
A river rat comes into view.
Found a glowing drain.
The river rat bites you.
You closely miss the river rat. The river rat bites you.
You closely miss the river rat. The river rat bites you.
The river rat barely misses you.
Aim: a river rat You freeze the river rat.
The river rat bites you!
Aim: a river rat (moderately wounded)
You freeze the river rat. The river rat bites you.
* * * LOW HITPOINT WARNING * * *
Aim: a river rat (severely wounded)
You freeze the river rat.
You kill the river rat!
You have reached level 5!
The kobold shouts!
You hear a shout! x2
You see here a river rat corpse.
A gnoll comes into view. It is wielding a +0 spear.
Aim: a kobold, wielding a +0 club You freeze the kobold.
The kobold misses you.
Aim: a kobold, wielding a +0 club (severely wounded)
You freeze the kobold.
You kill the kobold!
You hear a splash.
The gnoll hits you but does no damage.
The gnoll hits you from afar with a +0 spear.
* * * LOW HITPOINT WARNING * * *
A kobold comes into view. It is wielding a +0 club.
The gnoll hits you with a +0 spear.
* * * LOW HITPOINT WARNING * * *
Aim: a gnoll, wielding a +0 spear You freeze the gnoll.
The gnoll hits you with a +0 spear!
* * * LOW HITPOINT WARNING * * *
Aim: a gnoll, wielding a +0 spear (moderately wounded)
You freeze the gnoll. The gnoll hits you with a +0 spear.
You die...

...#......# #.#.#.#
.# ...#......#
#.#.#.. ..
.........############
## .......#.# #≈≈≈≈∩#
.#.##..#.###.≈≈≈≈#
#.........#.≈≈≈≈#
#.##..#.#.#..≈≈≈# #
#.##.........†.)#.#
#g##....#....#.@K.#
#.##..#.#.#####g..#
#.##..#.#.# #...#
#....##.#.# #...#
.#.##....#.## #.....
............. ##..###
.........#... ..#
.#.##.##.# .. ..#
.#.##.###....


You could see a gnoll and a kobold.

Vanquished Creatures
  Crazy Yiuf (D:2)
  An iguana (D:3)
  Terence (D:2)
  A gnoll (D:3)
  A river rat (D:3)
  A dart slug (D:2)
  5 orcs (D:3)
  5 endoplasms
  6 giant cockroaches
  7 goblins
  6 hobgoblins
  2 jackals (D:1)
  6 kobolds
  3 quokkas
  3 ball pythons (D:2)
  3 bats
  2 frilled lizards (D:2)
  4 rats
58 creatures vanquished.

Vanquished Creatures (others)
  5 plants (D:1)
5 creatures vanquished.

Grand Total: 63 creatures vanquished

Notes
Turn   | Place    | Note
-------+----------+-------------------------------------------
     0 | D:1      | CryoSword the Demigod Ice Elementalist began the quest for
                  | the Orb.
     0 | D:1      | Reached XP level 1. HP: 14/14 MP: 5/5
   445 | D:1      | Reached XP level 2. HP: 20/20 MP: 5/7
  1314 | D:2      | Reached skill level 4 in Ice Magic
  1314 | D:2      | Reached XP level 3. HP: 27/27 MP: 6/8
  1483 | D:2      | Learned a level 3 spell: Frozen Ramparts
  1497 | D:2      | Noticed Terence
  1506 | D:2      | Killed Terence
  1507 | D:2      | Reached skill level 1 in Fighting
  1801 | D:2      | Reached skill level 1 in Axes
  1891 | D:2      | Found a runed translucent door.
  1892 | D:2      | Noticed Crazy Yiuf
  2111 | D:2      | Killed Crazy Yiuf
  2112 | D:2      | Reached XP level 4. HP: 4/35 MP: 5/9
  2540 | D:3      | Noticed an ogre
  2820 | D:3      | Found a glowing drain.
  2828 | D:3      | Reached XP level 5. HP: 15/40 MP: 6/10
  2835 | D:3      | Slain by a gnoll

Illustrated notes

Levels and vault maps discovered:
D:1:      dpeg_arrival_prison, layout_rooms, chequers_big_river
D:2:      layout_rooms, basic_altar, uniq_terence, uniq_crazy_yiuf_cottage
D:3:      layout_basic, portal_sewer_entry_b

Skill      XL: |  1  2  3 |
---------------+----------+-----
Stealth        | 2 |  2.0
Dodging        | 2 |  2.8
Spellcasting   | 2 |  2.0
Ice Magic      | 4 |  4.6
Fighting       | 1 |  1.5
Axes           | 1 |  1.4

Action                   |  1- 3 |  4- 6 || total
-------------------------+-------+-------++-------
Melee: Unarmed           |     3 |       ||     3
       Broad axe         |    41 |    15 ||    56
       Dagger            |     2 |       ||     2
 Cast: Freeze            |    47 |    19 ||    66
       Frozen Ramparts   |     1 |       ||     1
  Use: Scroll            |     2 |       ||     2
       Potion            |     1 |       ||     1
 Stab: Sleeping          |     1 |     1 ||     2
       Distracted        |     1 |       ||     1
       Invisible         |     1 |       ||     1
Armor: Robe              |    24 |     4 ||    28
Dodge: Dodged            |    59 |    18 ||    77

Table legend: (Time is in decaauts)
 A = Elapsed time spent in this place.
 B = Non-inter-level travel time spent in this place.
 C = Inter-level travel time spent in this place.
 D = Time resting spent in this place.
 E = Time spent auto-exploring this place.
 F = Levels seen in this place.
 G = Mean time per level.
                   A        B        C        D        E       F      G
               +--------+--------+--------+--------+--------+-----+--------+
         Total |   2858 |   2824 |     34 |    488 |   1747 |   3 |  952.7 |
       Dungeon |   2858 |   2824 |     34 |    488 |   1747 |   3 |  952.7 |
               +--------+--------+--------+--------+--------+-----+--------+

Top non-repeatable levels by time:
     D:2: 1473 daAuts
     D:1: 1155 daAuts
     D:3: 230 daAuts
